 Dungeon Crawl Stone Soup version 0.31-a0-303-gdc8c9485ea (webtiles) character file.

Game seed: 17871315488562268558

53 zazu2006 the Blocker (level 3, 0/28 HPs)
             Began as a Gnoll Wanderer on July 16, 2023.
             Killed by nerve-wracking pain
             ... invoked by an orc priest
              (11 damage)
             ... on level 2 of the Dungeon.
             The game lasted 00:03:37 (1067 turns).

zazu2006 the Blocker (Gnoll Wanderer)               Turns: 1067, Time: 00:03:38

Health: 0/28       AC:  6    Str: 12    XL:     3   Next: 87%
Magic:  11/11      EV:  8    Int: 12    God:
Gold:   63         SH:  8    Dex: 11    Spells: 16/16 levels left

rFire   + . .        f - +1 dagger (vamp)
rCold   + . .        d - +2 buckler
rNeg    . . .        b - +0 scale mail
rPois   +            (no helmet)
rElec   +            (no cloak)
rCorr   +            (no gloves)
SInv    .            (no boots)
Will    .....        (no amulet) Stlth
                     (no ring)
HPRegen 0.24/turn    (no ring)
MPRegen 0.12/turn

%: no passive effects
@: resistant, invisible
A: fangs 1, strong nose, distributed training
a: no special abilities


You were on level 2 of the Dungeon.
You visited 1 branch of the dungeon, and saw 2 of its levels.

You collected 63 gold pieces.

Inventory:

Hand Weapons
 f - a +1 vampiric dagger (weapon)
Missiles
 i - 3 poisoned darts
Armour
 b - a +0 scale mail (worn)
 d - a +2 buckler (worn)
Magical Staves
 j - a staff of cold
Jewellery
 l - a ring of wizardry
Scrolls
 c - a scroll of fear
 g - a scroll of identify {unknown}
 h - a scroll of blinking {unknown}
Potions
 a - a potion of curing {unknown}


   Skills:
 + Level 2.6 Fighting
 + Level 1.0 Short Blades
 + Level 1.0 Long Blades
 + Level 1.0 Axes
 + Level 1.0 Maces & Flails
 + Level 1.0 Polearms
 + Level 1.0 Staves
 + Level 1.0 Ranged Weapons
 + Level 1.0 Throwing
 + Level 2.6 Armour
 + Level 1.0 Dodging
 + Level 1.0 Stealth
 + Level 10.4 Shields
 + Level 1.0 Unarmed Combat
 + Level 7.1 Spellcasting
 + Level 0.7 Conjurations
 + Level 0.7 Hexes
 + Level 0.7 Summonings
 + Level 0.7 Necromancy
 + Level 0.7 Translocations
 + Level 0.7 Transmutations
 + Level 0.7 Fire Magic
 + Level 0.7 Ice Magic
 + Level 0.7 Air Magic
 + Level 0.7 Earth Magic
 + Level 0.7 Poison Magic
 + Level 1.0 Invocations
 + Level 1.0 Evocations
 + Level 0.7 Shapeshifting


You had 16 spell levels left.
You didn't know any spells.
Your spell library contained the following spells:

 Spells                   Type           Power      Damage    Failure   Level
 Slow                     Hex            24%        N/A       58%         1
 Cigotuvi's Dreadful Rot  Necr/Pois/Air  12%        N/A       75%         2
 Poisonous Vapours        Pois/Air       12%        N/A       75%         2
 Confusing Touch          Hex            6%         N/A       92%         3
 Vampiric Draining        Necr           6%         2d6       92%         3


Dungeon Overview and Level Annotations

Branches:
Dungeon (2/15)

Altars:

Annotations:
D:2 Sigmund


Innate Abilities, Weirdness & Mutations

You have very sharp teeth.
Your uncanny sense of smell can sniff out nearby items.
Your experience applies equally to all skills.


Message History

The orc is lightly wounded.
You block the orc's attack.
You hit the orc.
The orc is moderately wounded.
The orc hits you but does no damage.
You hit the orc.
The orc is heavily wounded.
You block the orc's attack.
The orc priest calls down the wrath of Beogh upon the orc.
The orc writhes in agony.
The orc dies!
You closely miss the orc priest.
The orc priest hits you but does no damage.
You hit the orc priest.
The orc priest is lightly wounded.
The orc priest closely misses you.
You hit the orc priest.
The orc priest is moderately wounded.
The orc priest hits you but does no damage.
You hit the orc priest.
You feel better.
Your bite misses the orc priest.
The orc priest is heavily wounded.
The orc priest hits you but does no damage.
You closely miss the orc priest. Your bite misses the orc priest.
The orc priest is heavily wounded.
The orc priest hits you but does no damage.
You barely miss the orc priest.
The orc priest is heavily wounded.
The orc priest invokes the aid of Beogh against you.
Pain shoots through your body!
You completely miss the orc priest.
The orc priest is heavily wounded.
You block the orc priest's attack.
You hit the orc priest but do no damage.
The orc priest is heavily wounded.
The orc priest hits you with a +1 dagger of electrocution.
You hit the orc priest.
The orc priest is severely wounded.
The orc priest mumbles some strange prayers to Beogh against you.
Pain shoots through your body!
You die...

#..## #......# ##.###
##...############# .....#
####...##..........# .(...#
#..................# .....#
#..........<.......#
.....#######...........########
....................####
....................#
........#.......@)).#
.....###..##...o)<..#
....###..###........# ..###
#.####........# #.# #..
#.........## .......#
#.##..#†#..### .......
...#..##.##§.§# #.##.. .....#
#.##.§§# .. ###. #..#...####


You could see an orc priest (unable to see you).

Vanquished Creatures
  An adder (D:2)
  A worm (D:2)
  2 dart slugs (D:1)
  3 orcs
  An endoplasm (D:1)
  2 giant cockroaches (D:1)
  2 goblins (D:1)
  4 hobgoblins
  3 jackals (D:1)
  3 kobolds (D:1)
  2 quokkas (D:2)
  3 ball pythons (D:1)
  4 frilled lizards
31 creatures vanquished.

Vanquished Creatures (others)
  An orc (D:2)
1 creature vanquished.

Grand Total: 32 creatures vanquished

Notes
Turn   | Place    | Note
-------+----------+-------------------------------------------
     0 | D:1      | Reached skill level 10 in Shields
     0 | D:1      | zazu2006 the Gnoll Wanderer began the quest for the Orb.
     0 | D:1      | zazu2006 set off with the following items: a +0 club, a +0
                  | scale mail, a scroll of fear, a +2 buckler; and the
                  | following spells available to memorise: Cigotuvi's Dreadful
                  | Rot, Poisonous Vapours.
     0 | D:1      | Reached XP level 1. HP: 17/17 MP: 8/8
   270 | D:1      | Reached XP level 2. HP: 23/23 MP: 10/10
   476 | D:1      | Reached XP level 3. HP: 28/28 MP: 11/11
   776 | D:2      | Reached skill level 1 in Invocations
   781 | D:2      | Noticed Sigmund
   840 | D:2      | Found a faded altar of an unknown god.
   944 | D:2      | Reached skill level 1 in Short Blades
   944 | D:2      | Reached skill level 1 in Long Blades
   944 | D:2      | Reached skill level 1 in Axes
   944 | D:2      | Reached skill level 1 in Maces & Flails
   944 | D:2      | Reached skill level 1 in Polearms
   944 | D:2      | Reached skill level 1 in Staves
   944 | D:2      | Reached skill level 1 in Ranged Weapons
   944 | D:2      | Reached skill level 1 in Throwing
   944 | D:2      | Reached skill level 1 in Dodging
   944 | D:2      | Reached skill level 1 in Stealth
   944 | D:2      | Reached skill level 1 in Unarmed Combat
   944 | D:2      | Reached skill level 1 in Evocations
  1067 | D:2      | Killed from afar by an orc priest

Illustrated notes

Levels and vault maps discovered:
D:1:      lemuel_arrival_river_ford, layout_rooms
D:2:      cheibrodos_pilgrimage, layout_rooms, ebering_ecumenical_altar_mist,
          uniq_sigmund

Skill      XL: |  1  2  3 |
---------------+----------+-----
Shields        | | 10.4
Invocations    | 1 |  1.0
Short Blades   | 1 |  1.0
Long Blades    | 1 |  1.0
Axes           | 1 |  1.0
Maces & Flails | 1 |  1.0
Polearms       | 1 |  1.0
Staves         | 1 |  1.0
Ranged Weapons | 1 |  1.0
Throwing       | 1 |  1.0
Dodging        | 1 |  1.0
Stealth        | 1 |  1.0
Unarmed Combat | 1 |  1.0
Evocations     | 1 |  1.0
Fighting       | |  2.6
Armour         | |  2.6
Spellcasting   | |  7.1
Conjurations   | |  0.7
Hexes          | |  0.7
Summonings     | |  0.7
Necromancy     | |  0.7
Translocations | |  0.7
Transmutations | |  0.7
Fire Magic     | |  0.7
Ice Magic      | |  0.7
Air Magic      | |  0.7
Earth Magic    | |  0.7
Poison Magic   | |  0.7
Shapeshifting  | |  0.7

Action                     || total
---------------------------++-------
  Melee: Dagger            ||   183
         Club              ||     5
         Bite              ||    18
    Use: Potion            ||     2
 Armour: Scale mail        ||    70
  Dodge: Dodged            ||    55
  Block: Buckler           ||    77

Table legend: (Time is in decaauts)
 A = Elapsed time spent in this place.
 B = Non-inter-level travel time spent in this place.
 C = Inter-level travel time spent in this place.
 D = Time resting spent in this place.
 E = Time spent auto-exploring this place.
 F = Levels seen in this place.
 G = Mean time per level.
                   A        B        C        D        E       F      G
               +--------+--------+--------+--------+--------+-----+--------+
         Total |   1076 |   1058 |     18 |      0 |    610 |   2 |  538.0 |
       Dungeon |   1076 |   1058 |     18 |      0 |    610 |   2 |  538.0 |
               +--------+--------+--------+--------+--------+-----+--------+

Top non-repeatable levels by time:
     D:1: 716 daAuts
     D:2: 360 daAuts
